Map: Habitation Station LE (Void)

Players

LBD - Winner!

  • Race: Zerg Zerg
  • League: Platinum
  • Spawn Location: 1:00

Fropez

  • Race: Protoss Protoss
  • League: Gold
  • Spawn Location: 11:00

VOD

Have the link to the VOD?

Description

Time

  • Played on: Jan. 11, 2017, 6:47 p.m.
  • Length: 4:06
Show
View Real Time Build Order
Export as new Build Order

LBD Zerg - Winner!

Build Orders: Pool First 

Get SALT Encoding   

  12  0:07  Drone  
  13  0:17  Extractor, Drone x2  
  14  0:37  Spawning Pool, Drone  
  14  0:50  Overlord  
  14  1:03  Extractor  
  14  1:04  Drone  
  15  1:25  Metabolic Boost  
  15  1:27  Zergling x6  
  18  1:40  Zergling x2  
  19  1:55  Hatchery  
  19  1:58  Overlord  
  18  2:07  Evolution Chamber  
  17  2:10  Zergling x2  
  18  2:21  Zergling x2  
  19  2:27  Zergling x2  
  19  2:40  Zergling x2  
  20  2:46  Lair  
  20  2:48  Drone  
  21  3:20  Zergling x8  
  21  3:21  Zergling x2  
  25  3:39  Zergling x4  
  26  3:48  Zergling x2  
  26  3:49  Zergling x2  
  26  3:55  Hydralisk Den  
Show
View Real Time Build Order
Export as new Build Order

Fropez Protoss 

Build Orders: 1 Gate Expand 

Get SALT Encoding   

  12  0:02  Probe (Chrono Boost)  
  13  0:12  Probe (Chrono Boost)  
  14  0:19  Pylon  
  14  0:23  Probe (Chrono Boost)  
  15  0:37  Probe (Chrono Boost)  
  15  0:38  Gateway  
  16  0:47  Probe (Chrono Boost)  
  17  0:52  Assimilator  
  17  0:58  Probe (Chrono Boost)  
  18  1:08  Probe (Chrono Boost)  
  19  1:19  Probe (Chrono Boost)  
  19  1:30  Cybernetics Core  
  19  1:37  Nexus  
  19  1:40  Zealot  
  21  1:50  Probe (Chrono Boost)  
  22  1:59  Assimilator  
  23  2:02  Probe (Chrono Boost)  
  23  2:09  Pylon  
  23  2:35  Pylon  
  23  2:39  Probe (Chrono Boost)  
  22  2:46  Pylon  
  22  2:53  Gateway  
  22  2:56  Pylon  
  22  2:57  Adept, Gateway  
  22  2:59  Gateway  
  22  3:03  Pylon  
  22  3:16  Cybernetics Core  
  24  3:21  Mothership Core (Chrono Boost)  
  24  3:36  Gateway  
  28  3:49  Pylon  
  28  3:51  Pylon  
  28  3:56  Pylon  
Tags
 
Add a new tag
Caveats
  • Supply blocks, unpowered buildings, or Contaminate may cause inaccurate times.
  • Supply counts are checked every 10 seconds.